 Dungeon Crawl Stone Soup version 0.27-a0-1196-g3e9cee4cb2 (webtiles) character file.

Game seed: 11086021604175104618

179 Gargoyl the Skirmisher (level 5, -2/47 HPs)
             Began as a Gnoll Abyssal Knight on May 29, 2021.
             Was a Believer of Lugonu.
             Slain by an orc
             ... wielding a +2 trident of distortion
              (20 damage)
             ... on level 4 of the Dungeon.
             The game lasted 00:03:38 (3495 turns).

Gargoyl the Skirmisher (Gnoll Abyssal Knight)       Turns: 3495, Time: 00:03:40

Health: -2/47      AC: 10    Str: 13    XL:     5   Next: 59%
Magic:  8/8        EV:  8    Int: 11    God:    Lugonu [**....]
Gold:   139        SH:  0    Dex: 11    Spells: 7/7 levels left

rFire    . . .     SeeInvis .   a - +1 hand axe
rCold    . . .     Faith    .   (no shield)
rNeg     . . .     Spirit   .   e - +0 chain mail
rPois    .         Reflect  .   h - +0 helmet
rElec    .         Harm     .   (no cloak)
rCorr    .         Rampage  .   (no gloves)
Will     .....                  (no boots)
Stlth    ..........             (no amulet)
HPRegen  0.15/turn              (no ring)
MPRegen  0.11/turn              (no ring)

@: no status effects
A: fangs 1, strong nose, distributed training, sense surroundings 1, sturdy
frame 1
a: Renounce Religion, Depart the Abyss, Bend Space


You were on level 4 of the Dungeon.
You worshipped Lugonu.
Lugonu was pleased with you.
You visited 1 branch of the dungeon, and saw 4 of its levels.
You visited the Abyss 1 time.

You collected 139 gold pieces.

Inventory:

Hand Weapons
 a - a +1 hand axe (weapon)
Missiles
 j - 5 poisoned darts (quivered)
Armour
 e - a +0 chain mail (worn)
 h - a +0 helmet (worn)
Scrolls
 b - a scroll of identify {unknown}
 c - 4 scrolls of teleportation
 k - a scroll of summoning {unknown}
 l - a scroll of magic mapping
Potions
 d - a potion of lignification
 g - 2 potions of attraction {unknown}
 i - a potion of cancellation {unknown}


   Skills:
 + Level 6.7 Fighting
 + Level 1.5 Short Blades
 + Level 1.5 Long Blades
 + Level 4.8 Axes
 + Level 1.5 Maces & Flails
 + Level 1.5 Polearms
 + Level 1.5 Staves
 + Level 1.5 Slings
 + Level 1.5 Bows
 + Level 1.5 Crossbows
 + Level 1.5 Throwing
 + Level 4.8 Armour
 + Level 3.0 Dodging
 + Level 1.5 Stealth
 + Level 1.5 Shields
 + Level 1.5 Unarmed Combat
 + Level 1.5 Spellcasting
 + Level 1.2 Conjurations
 + Level 1.2 Hexes
 + Level 1.2 Summonings
 + Level 1.2 Necromancy
 + Level 1.2 Translocations
 + Level 1.2 Transmutations
 + Level 1.2 Fire Magic
 + Level 1.2 Ice Magic
 + Level 1.2 Air Magic
 + Level 1.2 Earth Magic
 + Level 1.2 Poison Magic
 + Level 4.9 Invocations
 + Level 1.5 Evocations


You had 7 spell levels left.
You didn't know any spells.
Your spell library was empty.

Dungeon Overview and Level Annotations

Branches:
Dungeon (4/15)             Temple (0/1) D:4

Altars:
Kikubaaqudgha


Innate Abilities, Weirdness & Mutations

You have very sharp teeth.
Your uncanny sense of smell can sniff out nearby items.
Your experience applies equally to all skills.
You passively map a small area around you.
Your movements are slightly less encumbered by armour. (ER -2)


Message History

What are your orders? t - Bark!
Orders for allies: a - Attack new target. r - Retreat! s - Stop attacking. g - Guard the area. f - Follow me.
Anything else - Cancel.
You bark for attention!
You start resting.
HP restored.
There is a stone staircase leading down here.
You start waiting.
Done waiting.
You climb downwards.
The orc hits you but does no damage. The orc barely misses you.
The orc wizard points at you and mumbles some strange words.
The magic dart hits you.
There is a stone staircase leading up, spattered with blood here.
Unknown command.
You closely miss the orc wizard. Your bite misses the orc wizard.
You hit the orc. The orc hits you with a +0 hand axe.
The orc wizard hits you but does no damage.
You closely miss the orc wizard. You closely miss the orc.
The orc barely misses you. The orc hits you with a +0 hand axe.
The orc wizard closely misses you.
Unknown command.
You slash the orc wizard!
The orc wizard is heavily wounded.
You hit the orc. The orc hits you but does no damage.
Space warps horribly around you. The orc hits you but does no damage.
The orc wizard hits you but does no damage.
You closely miss the orc wizard.
The orc wizard is moderately wounded.
You hit the orc.
You kill the orc!
Lugonu accepts your kill.
The orc hits you from afar with a +2 trident of distortion.
Space bends around you. The orc wizard barely misses you.
The orc hits you from afar with a +2 trident of distortion.
Space warps horribly around you!!
You die...

.....................##..)..#
....####.............##....<#
g# ###.##........)........#
.## #...###########.#......#
..#*##.### #..#.....# ⌠.#
#).# #####.......# ..###.##
##..>........#
......##########)<.####.....#
>..⌠..##......oo@.## #######
..............#####
..###......#### ⌠.# #......#
..###......# ##........##
#........# #........#
##########


You could see an orc wizard and an orc.

Vanquished Creatures
  A scorpion (D:4)
  3 adders
  An adder skeleton (D:3)
  5 dart slugs
  9 orcs
  7 bats
  A bat zombie (D:1)
  2 endoplasms
  2 giant cockroaches (D:3)
  7 goblins
  4 hobgoblins (D:3)
  5 jackals (D:3)
  6 kobolds
  4 quokkas
  5 ball pythons
  3 frilled lizards
  A jackal zombie (D:1)
  3 rats
69 creatures vanquished.

Notes
Turn   | Place    | Note
-------+----------+-------------------------------------------
     0 | Abyss:1  | Gargoyl the Gnoll Abyssal Knight began the quest for the
                  | Orb.
     0 | Abyss:1  | Reached XP level 1. HP: 23/23 MP: 3/3
    65 | Abyss:1  | Noticed a neqoxec
    76 | Abyss:1  | Gained mutation: You passively map a small area around you.
                  | [a neqoxec]
    94 | Abyss:1  | Gained mutation: Your movements are slightly less
                  | encumbered by armour. (ER -2) [a neqoxec]
    95 | D:1      | Escaped the Abyss
   358 | D:1      | Found a faded altar of an unknown god.
   393 | D:1      | You fall into a shaft and drop 1 floor!
   418 | D:2      | Reached * piety under Lugonu
   419 | D:2      | Reached XP level 2. HP: 23/29 MP: 5/5
   770 | D:2      | You fall into a shaft and drop 1 floor!
  1004 | D:2      | Reached XP level 3. HP: 35/35 MP: 6/6
  1933 | D:3      | Reached skill level 1 in Short Blades
  1933 | D:3      | Reached skill level 1 in Long Blades
  1933 | D:3      | Reached skill level 1 in Maces & Flails
  1933 | D:3      | Reached skill level 1 in Polearms
  1933 | D:3      | Reached skill level 1 in Staves
  1933 | D:3      | Reached skill level 1 in Slings
  1933 | D:3      | Reached skill level 1 in Bows
  1933 | D:3      | Reached skill level 1 in Crossbows
  1933 | D:3      | Reached skill level 1 in Throwing
  1933 | D:3      | Reached skill level 1 in Stealth
  1933 | D:3      | Reached skill level 1 in Shields
  1933 | D:3      | Reached skill level 1 in Unarmed Combat
  1933 | D:3      | Reached skill level 1 in Spellcasting
  1933 | D:3      | Reached skill level 1 in Evocations
  2066 | D:3      | Reached XP level 4. HP: 38/41 MP: 7/7
  2403 | D:3      | Reached ** piety under Lugonu
  2404 | D:3      | Reached skill level 1 in Conjurations
  2404 | D:3      | Reached skill level 1 in Hexes
  2404 | D:3      | Reached skill level 1 in Summonings
  2404 | D:3      | Reached skill level 1 in Necromancy
  2404 | D:3      | Reached skill level 1 in Translocations
  2404 | D:3      | Reached skill level 1 in Transmutations
  2404 | D:3      | Reached skill level 1 in Fire Magic
  2404 | D:3      | Reached skill level 1 in Ice Magic
  2404 | D:3      | Reached skill level 1 in Air Magic
  2404 | D:3      | Reached skill level 1 in Earth Magic
  2404 | D:3      | Reached skill level 1 in Poison Magic
  2775 | D:3      | Found an ancient bone altar of Kikubaaqudgha.
  2878 | D:4      | Noticed a scorpion
  2879 | D:4      | Found a staircase to the Ecumenical Temple.
  2893 | D:4      | Killed a scorpion
  2894 | D:4      | Reached XP level 5. HP: 17/47 MP: 8/8
  3495 | D:4      | Slain by an orc

Illustrated notes

Levels and vault maps discovered:
D:1:      saegor_arrival_fortress, layout_basic, ebering_ecumenical_altar_webs
D:2:      layout_basic
D:3:      layout_basic, lemuel_coloured_pillars_altar, st_stairs_9,
          minmay_misc_feat_square, minmay_misc_feat_alley, minmay_box_of_dots
D:4:      layout_rooms, makhleb_heckhound_becter, lemuel_round_altar,
          lemuel_tele_altar, minmay_temple_entry_junction, uniq_blork_the_orc,
          uniq_eustachio

Skill      XL: |  1  2  3  4 |
---------------+-------------+-----
Short Blades   | 1 |  1.5
Long Blades    | 1 |  1.5
Maces & Flails | 1 |  1.5
Polearms       | 1 |  1.5
Staves         | 1 |  1.5
Slings         | 1 |  1.5
Bows           | 1 |  1.5
Crossbows      | 1 |  1.5
Throwing       | 1 |  1.5
Stealth        | 1 |  1.5
Shields        | 1 |  1.5
Unarmed Combat | 1 |  1.5
Spellcasting   | 1 |  1.5
Evocations     | 1 |  1.5
Conjurations   | 1 |  1.2
Hexes          | 1 |  1.2
Summonings     | 1 |  1.2
Necromancy     | 1 |  1.2
Translocations | 1 |  1.2
Transmutations | 1 |  1.2
Fire Magic     | 1 |  1.2
Ice Magic      | 1 |  1.2
Air Magic      | 1 |  1.2
Earth Magic    | 1 |  1.2
Poison Magic   | 1 |  1.2
Dodging        | 3 |  3.0
Fighting       | |  6.7
Axes           | |  4.8
Armour         | |  4.8
Invocations    | |  4.9

Action                   |  1- 3 |  4- 6 || total
-------------------------+-------+-------++-------
Melee: Hand axe          |   145 |   113 ||   258
       Bite              |    16 |     6 ||    22
Throw: Dart              |       |     2 ||     2
Invok: Depart the Abyss  |     1 |       ||     1
  Use: Scroll            |     4 |       ||     4
       Potion            |       |     2 ||     2
Armor: Leather armour    |    16 |       ||    16
       Chain mail        |   101 |    82 ||   183
       Skin              |       |     8 ||     8
Dodge: Dodged            |    75 |    58 ||   133

Table legend: (Time is in decaauts)
 A = Elapsed time spent in this place.
 B = Non-inter-level travel time spent in this place.
 C = Inter-level travel time spent in this place.
 D = Time resting spent in this place.
 E = Time spent auto-exploring this place.
 F = Levels seen in this place.
 G = Mean time per level.
                   A        B        C        D        E       F      G
               +--------+--------+--------+--------+--------+-----+--------+
         Total |   3520 |   3468 |     52 |    450 |   2353 |   5 |  704.0 |
       Dungeon |   3423 |   3371 |     52 |    450 |   2287 |   4 |  855.8 |
         Abyss |     97 |     97 |      0 |      0 |     66 |   1 |   97.0 |
               +--------+--------+--------+--------+--------+-----+--------+

Top non-repeatable levels by time:
     D:3: 1354 daAuts
     D:2: 986 daAuts
     D:1: 689 daAuts
     D:4: 393 daAuts
 Abyss:1: 97 daAuts
